 Dungeon Crawl Stone Soup version 0.19-a0-1899-g2d93087 (webtiles) character file.

656413 PurpleRed the Axe Maniac (level 26, -13/257 (266) HPs)
             Began as a Minotaur Fighter on Oct 19, 2016.
             Was the Champion of Makhleb.
             Killed from afar by a golden dragon (31 damage)
             ... with a bolt of cold
             ... while paralysed
             ... on level 2 of the Depths on Oct 20, 2016.
             The game lasted 02:08:48 (52001 turns).

PurpleRed the Axe Maniac (Minotaur Fighter)        Turns: 52001, Time: 02:08:49

HP:   -13/257 (266) AC: 39    Str: 31    XL:     26   Next: 91%
MP:   11/34         EV:  2    Int: -1 (5) God:    Makhleb [******]
Gold: 3711          SH:  0    Dex: 15    Spells: 6 memorised, 28 levels left

rFire  + . .     SeeInvis +     g - +9 battleaxe (vamp)
rCold  . . .     Gourm    .     d - +8 pearl dragon scales
rNeg   + . .     Faith    .     (shield currently unavailable)
rPois  .         Spirit   .     (helmet unavailable)
rElec  .         Reflect  +     a - +0 cloak {MR+}
rCorr  .         Harm     .     r - +2 pair of gloves {Dex+3}
MR     +++..                    t - +2 pair of boots
Stlth  ..........               L - +3 amulet of reflection
                                N - ring "Elec Qol" {rF+ SInv}
                                Z - ring of protection from magic

@: paralysed, slowed, lost intelligence, drained
A: retaliatory headbutt, horns 3
a: Minor Destruction, Lesser Servant of Makhleb, Major Destruction, Greater
Servant of Makhleb, Renounce Religion
}: 5/15 runes: decaying, serpentine, slimy, silver, golden


You were on level 2 of the Depths.
You worshipped Makhleb.
Makhleb was exalted by your worship.
You were hungry.

You visited 11 branches of the dungeon, and saw 50 of its levels.
You also visited: Bailey, Volcano and Wizlab.

You collected 8430 gold pieces.
You spent 4719 gold pieces at shops.

Inventory:

Hand Weapons
 g - a +9 vampiric battleaxe (weapon)
 h - a +7 battleaxe of freezing
 D - a +9 battleaxe of flaming
Armour
 a - a +0 cloak of magic resistance (worn)
 d - +8 pearl dragon scales (worn)
 e - the +3 crown of Dyrovepreva {rElec Int+2 SInv}
   (You bought it in a shop on level 7 of the Dungeon)

   It affects your intelligence (+2).
   It insulates you from electricity.
   It lets you see invisible.
 r - a +2 pair of gloves of dexterity (worn)
 t - a +2 pair of boots (worn)
 T - the +9 plate armour of Lyato {+Fly rPois SInv}
   (You bought it in a shop on level 11 of the Dungeon)

   It protects you from poison.
   It lets you see invisible.
   It lets you fly.
Jewellery
 l - an uncursed amulet of rage
 G - the amulet of Sin {Faith rPois rF- rC+++ MP+9}
   (You found it on level 3 of the Vaults)

   [amulet of faith]

   It allows you to gain divine favour quickly.
   It makes you vulnerable to fire.
   It renders you almost immune to cold.
   It protects you from poison.
   It affects your magic capacity (+9).
 J - the ring of Kuavuw {rPois Str+7}
   (You found it on level 5 of the Pits of Slime)

   [ring of poison resistance]

   It affects your strength (+7).
   It protects you from poison.
 L - a +3 amulet of reflection (around neck)
 N - the ring "Elec Qol" (right hand) {rF+ SInv}
   (You found it on level 5 of the Vaults)

   [ring of protection from fire]

   It protects you from fire.
   It lets you see invisible.
 R - an uncursed ring of protection from cold
 U - an uncursed ring of positive energy
 Z - a ring of protection from magic (left hand)
Wands
 i - a wand of heal wounds (2/9)
 H - a wand of hasting (2/9)
 K - a wand of iceblast (8/15)
 Q - a wand of teleportation (4/9)
Scrolls
 j - 2 scrolls of amnesia
 m - 4 scrolls of teleportation
 n - 10 scrolls of identify
 x - 3 scrolls of blinking
 y - 10 scrolls of remove curse
 E - 11 scrolls of fear
 O - 5 scrolls of recharging
 P - 8 scrolls of magic mapping
 V - 6 scrolls of fog
 X - 3 scrolls of silence
Potions
 k - 6 potions of haste
 o - 2 potions of might
 p - 5 potions of berserk rage
 q - 8 potions of resistance
 s - 9 potions of brilliance
 u - 3 potions of agility
 v - 3 potions of cure mutation
 w - 11 potions of curing
 A - 13 potions of flight
 B - 2 potions of ambrosia
 C - a potion of cancellation
 I - 3 potions of invisibility
 M - a potion of heal wounds
 W - 5 potions of magic
Miscellaneous
 b - a phial of floods
 c - a figurine of a ziggurat
Comestibles
 f - 19 bread rations
 z - a meat ration
 F - 5 chunks of flesh


   Skills:
 O Level 27(26.6) Fighting
 O Level 27(26.6) Axes
 + Level 24.4(24.1) Armour
 + Level 19.4(19.2) Dodging
   Level 3.6(3.4) Shields
 + Level 8.6(8.4) Spellcasting
 * Level 13.1(12.8) Translocations


You had 28 spell levels left.
You knew the following spells:

 Your Spells              Type           Power        Failure   Level  Hunger
a - Regeneration          Chrm/Necr      #.........   97%         3    ####...
b - Animate Skeleton      Necr           N/A          52%         1    ##.....
c - Lesser Beckoning      Tloc           #.........   1%          3    ####...
d - Apportation           Tloc           #.........   1%          1    ##.....
e - Blink                 Tloc           N/A          1%          2    ###....
f - Passage of Golubria   Tloc           N/A          2%          4    #####..


Dungeon Overview and Level Annotations

Branches:
Dungeon (15/15)            Temple (1/1) D:6            Lair (6/6) D:9
  Swamp (4/4) Lair:4        Snake (4/4) Lair:4        Slime (5/5) Lair:6
    Orc (2/2) D:9             Elf (0/3) Orc:2        Vaults (5/5) D:13
  Crypt (3/3) Vaults:2       Tomb (3/3) Crypt:3      Depths (2/5) D:15

Altars:
Ashenzari
Cheibriados
Dithmenos
Elyvilon
Fedhas
Gozag
Hepliaklqana
Kikubaaqudgha
Makhleb
Nemelex Xobeh
Okawaru
Qazlal
Ru
Sif Muna
Trog
Uskayaw
Vehumet
Xom
Yredelemnul
Zin
The Shining One
Beogh
Jiyva

Shops:
D:4 *=((*   D:7 *   D:11 %[[   Orc:1 =   Orc:2 (?!(   Snake:2 ?   Snake:3 (}
Vaults:1 *   Vaults:2 !(   Vaults:3 [   Vaults:5 (

Portals:
Hell: Depths:1 Depths:2
Ziggurat: Depths:1

Annotations:
Depths:2 exclusion: ice statue


Innate Abilities, Weirdness & Mutations

You reflexively headbutt those who attack you in melee.
You have a pair of large horns on your head.


Message History

The hell beast bites you.
* * * LOW HITPOINT WARNING * * *
The hell beast tramples you but does no damage.
The Tzitzimitl engulfs you but does no damage.
The Tzitzimitl bites you but does no damage.
The ice devil disappears in a puff of smoke!
The hell beast bites you.
* * * LOW HITPOINT WARNING * * *
The hell beast tramples you but does no damage.
The Hell Sentinel hits you but does no damage.
The Hell Sentinel hits you!
* * * LOW HITPOINT WARNING * * *
The deep elf demonologist casts a spell.
The Tzitzimitl engulfs you but does no damage.
The Tzitzimitl bites you but does no damage.
The golden dragon breathes cold at you.
The bolt of cold hits the Ice Fiend.
The Ice Fiend completely resists.
The bolt of cold hits the Hell Sentinel.
The Hell Sentinel completely resists.
The bolt of cold hits you!
You die...

......)....#
############ #.>....
.§...§....##### #......
.§...≈§...#...####
#####''
.≈...§§...'......##
##...
.≈...§§..''.......###
#8...
.≈...§§..'.........$##
##..)
§≈...≈..##.........)⌠##
#8)[†
§§._....#####.......%.##
##... .§)..§.##
###[@1.....# #8...
#..∩..## #112......#
##... #######
D1e2#...(... #8...
.3Ve2e##...... ##...
...Q34444 #..... ####''
...Q85335 #... #..Z..
.......55 ##' ..T.....
.......... ........
Q.≈Z....


You could see 2 Hell Sentinels, a golden dragon, a Tzitzimitl, an Ice Fiend, a
hell beast, a reaper, a vampire knight (invisible), a blizzard demon, a soul
eater, a tengu warrior, 3 deep elf demonologists, 2 orange demons, 2 rust
devils, a smoke demon, a neqoxec, a ynoxinul, a tengu conjurer (invisible) and 4
ufetubi.

Vanquished Creatures
  Dissolution (Slime:5)
  the Royal Jelly (Slime:5)
  Khufu (Tomb:2)
  Mennas (Tomb:3)
  3 ancient liches
  28 greater mummies
  Boris (twice) (Crypt:3 Tomb:1)
  Frederick (Vaults:3)
  Bai Suzhen (Vaults:3)
  A golden dragon (shapeshifter) (Vaults:5)
  2 golden dragons (Vaults:5)
  Nikola (Depths:1)
  Jorgrun (Depths:1)
  5 tentacled monstrosities (Vaults:5)
  A Cloud Mage (WizLab)
  7 liches
  Rupert (D:15)
  2 titans (Vaults:5)
  Asterion (Snake:1)
  12 acid blobs
  3 quicksilver dragons
  9 sphinxes
  A thorn hunter (Swamp:2)
  The ghost of JamPaladin the Impaler, an adept MfGl of Okawaru (Snake:4)
  The ghost of Scattercatt the Peltast, an adept GrFi of the Shining One (Swamp:4)
  2 storm dragons
  2 shadow dragons
  8 ancient champions
  4 revenants
  Kirke (D:15)
  Donald (Crypt:2)
  15 nagarajas
  8 tengu reavers
  9 azure jellies
  Aizul (Snake:1)
  A balrug (Depths:2)
  6 fire giants
  19 vault wardens
  9 frost giants
  3 deep elf sorcerers (Vaults:5)
  A deep elf elementalist (Vaults:5)
  2 curse skulls (Crypt:3)
  10 ghouls
  3 entropy weavers
  15 ironheart preservers
  14 very ugly things
  A war gargoyle (Vaults:3)
  Louise (D:15)
  2 reapers
  14 stone giants
  2 bennus (Tomb:2)
  4 vampire knights
  A deep elf demonologist (Vaults:4)
  3 deep elf annihilators
  A spark wasp (Depths:1)
  The ghost of DemiseSR the Severer, a journeyman MiBe of Trog (Lair:6)
  3 deep elf death magi
  A blizzard demon (Depths:2)
  3 eidola
  5 fire dragons (Depths:1)
  2 large abominations (Depths:2)
  22 mummy priests
  8 death oozes
  13 ettins
  4 deep elf high priests
  Josephine (Lair:5)
  14 yaktaur captains
  The ghost of PurpleRed the Severer, a journeyman MiFi of Makhleb (D:12)
  5 jiangshi
  10 great orbs of eyes
  A quicksilver dragon skeleton (Tomb:3)
  7 rakshasas (Depths:1)
  23 ogre magi
  10 naga warriors
  4 spriggan air magi
  A spectral shadow dragon (Crypt:3)
  31 vault guards
  The ghost of jamesreid the Spear-Bearer, a journeyman DgFE (Lair:3)
  5 ice dragons (Depths:1)
  A ghost crab (Swamp:2)
  19 hydras
  A catoblepas (D:13)
  6 death knights
  An ice dragon (shapeshifter) (Vaults:5)
  6 anacondas
  11 centaur warriors
  13 tengu warriors
  5 alligators
  8 deep troll earth magi
  15 death yaks
  58 death scarabs
  3 deep troll shamans
  17 naga sharpshooters
  6 vampire magi
  A spectral dire elephant (Crypt:3)
  2 soul eaters (Crypt:3)
  5 spriggan berserkers
  15 deep elf knights
  A hell hog (shapeshifter) (Vaults:5)
  5 titan zombies
  A storm dragon zombie (Vaults:5)
  10 hell knights
  6 shock serpents
  Sonja (D:14)
  4 sun demons
  17 shadow wraiths
  A titan skeleton (Crypt:1)
  22 skeletal warriors
  3 quicksilver dragon simulacra
  4 salamander mystics (Snake:4)
  8 flayed ghosts
  3 unseen horrors
  An anaconda zombie (Crypt:3)
  3 unseen horrors (shapeshifter)
  An iron troll (Depths:2)
  2 golden dragon zombies
  A sea snake (Snake:2)
  A spriggan druid (Swamp:3)
  15 deep trolls
  8 naga ritualists
  9 swamp dragons
  An iron giant skeleton (Crypt:3)
  A swamp dragon (shapeshifter) (Vaults:5)
  A deep troll (shapeshifter) (Vaults:5)
  2 anaconda skeletons (Crypt:1)
  27 phantasmal warriors
  7 wizards
  8 glowing orange brains
  5 shambling mangroves
  5 hill giants
  10 orc knights
  4 harpies (Vaults:5)
  A harpy (shapeshifter) (D:15)
  9 deep elf archers
  3 shadow dragon skeletons (Crypt:1)
  15 ironbrand convokers
  13 necromancers
  3 orc sorcerers
  30 ugly things
  A fire giant zombie (Crypt:1)
  4 manticores
  29 deep elf magi
  15 mana vipers
  An iron dragon zombie (Crypt:3)
  A sphinx zombie (Crypt:1)
  A spectral ice dragon (Crypt:3)
  A wolf spider (Vaults:4)
  2 manticores (shapeshifter)
  A wolf spider zombie (Crypt:1)
  8 cyclopes
  3 shining eyes (Slime:5)
  12 salamanders
  A stone giant skeleton (Crypt:1)
  A spectral shock serpent (Crypt:3)
  A dire elephant zombie (Crypt:3)
  4 elephants (Lair:6)
  A human skeleton (Vaults:2)
  39 black mambas
  21 vault sentinels
  18 naga magi
  5 centaur zombies
  A guardian serpent (shapeshifter) (D:13)
  An eye of devastation (Slime:5)
  4 guardian serpents
  3 molten gargoyles
  A gargoyle (D:13)
  An eye of devastation (shapeshifter) (Vaults:3)
  The ghost of Ultraviolent4 the Shield-Bearer, a novice FoFi (D:6)
  13 spiny frogs
  An emperor scorpion zombie (Crypt:3)
  A yaktaur zombie (Vaults:5)
  6 komodo dragons
  3 dire elephant skeletons
  2 efreet
  An ice devil (Depths:2)
  28 freezing wraiths
  A redback zombie (Crypt:2)
  39 yaktaurs
  41 guardian mummies
  8 red devils
  A rime drake (Lair:6)
  A komodo dragon (shapeshifter) (Depths:1)
  A jumping spider (shapeshifter) (D:12)
  A death yak skeleton (Crypt:1)
  A hydra zombie (Crypt:1)
  4 polar bears
  A tengu conjurer (D:12)
  A jumping spider (Vaults:4)
  5 trolls
  A sea snake skeleton (Crypt:2)
  A meliai (shapeshifter) (Vaults:2)
  56 two-headed ogres
  A queen bee (shapeshifter) (Vaults:3)
  5 tyrant leeches
  12 blink frogs
  A slime creature (shapeshifter) (Vaults:3)
  10 bog bodies
  A hippogriff (shapeshifter) (D:15)
  65 slime creatures
  25 hornets
  A minotaur skeleton (Crypt:2)
  A frost giant simulacrum (Vaults:2)
  12 wind drakes (WizLab)
  A spectral swamp dragon (Crypt:3)
  2 stone giant simulacra
  A hydra skeleton (Crypt:1)
  9 dream sheep
  12 hippogriffs
  An alligator skeleton (Tomb:3)
  An ice dragon skeleton (Crypt:1)
  4 redbacks
  25 spriggans
  23 flying skulls
  A tarantella (shapeshifter) (Vaults:1)
  A redback (shapeshifter) (Vaults:1)
  A spriggan (shapeshifter) (Depths:1)
  5 shadows
  A vampire (D:12)
  28 air elementals (WizLab)
  A tarantella (Vaults:4)
  10 wraiths
  A centaur simulacrum (D:14)
  30 yaks
  2 hogs (shapeshifter)
  20 ushabtiu
  A basilisk (shapeshifter) (Depths:1)
  2 wyverns
  Eustachio (D:5)
  A human (shapeshifter) (Vaults:4)
  6 fire bats (Volcano)
  2 fire dragon skeletons (Crypt:1)
  6 hungry ghosts
  Grum (D:11)
  2 basilisks
  2 hogs (D:15)
  A yaktaur simulacrum (Vaults:5)
  11 vampire mosquitoes
  6 wargs
  A hill giant skeleton (Crypt:2)
  A glowing shapeshifter zombie (Crypt:3)
  18 swamp worms
  29 insubstantial wisps
  A mottled dragon (D:15)
  59 nagas
  A deep troll zombie (Crypt:2)
  A faun zombie (Crypt:3)
  3 soldier ants
  A deep troll skeleton (Crypt:2)
  9 water moccasins
  A floating eye (Depths:2)
  6 porcupines
  Duvessa (D:5)
  An infernal demonspawn skeleton (Crypt:1)
  3 hell hounds
  A hornet zombie (D:9)
  10 swamp drakes
  3 ice beasts
  36 orc warriors
  5 ettin simulacra (Depths:2)
  A sky beast (D:6)
  17 wolves
  A phantom (D:12)
  7 black bears
  4 eyes of draining
  An ice dragon simulacrum (Crypt:1)
  An elf zombie (Vaults:5)
  An ogre (shapeshifter) (Vaults:5)
  81 ogres
  15 boggarts
  3 necrophages
  A swamp dragon skeleton (Crypt:1)
  8 centaurs
  2 big kobolds
  A human zombie (Vaults:2)
  15 crocodiles
  14 bullfrogs
  2 gnoll sergeants
  Dowan (D:5)
  A water moccasin skeleton (D:5)
  3 killer bees (D:13)
  A snapping turtle simulacrum (Crypt:1)
  16 wights
  2 howler monkeys
  3 electric eels
  3 crimson imps
  13 lava snakes
  A human simulacrum (Vaults:1)
  11 hounds
  13 jellies
  2 bullfrog skeletons (D:13)
  A gnoll shaman (D:7)
  19 orc priests
  14 orc wizards
  4 centaur skeletons
  Terence (D:3)
  Natasha (thrice) (D:4)
  5 iguanas
  14 worker ants
  An ogre skeleton (Crypt:3)
  A naga skeleton (Crypt:2)
  A demigod skeleton (Crypt:3)
  4 hound skeletons
  39 mummies
  A howler monkey zombie (D:6)
  15 gnolls
  13 adders
  2 shadow imps (D:9)
  4 oozes (Lair:6)
  An adder zombie (D:10)
  An iguana skeleton (Crypt:1)
  4 worms
  A dart slug (D:1)
  A leopard gecko (D:4)
  75 orcs
  6 giant cockroaches
  4 goblins
  4 hobgoblins
  6 jackals (D:7)
  7 quokkas
  2 ball pythons (D:5)
  5 bats
  2 frilled lizards
  2 frilled lizard zombies
  A jackal skeleton (D:6)
  A jackal zombie (Crypt:1)
  11 kobolds
  2 leopard gecko skeletons
  11 rats
  A rat zombie (Crypt:3)
  2 butterflies (D:5)
  A crawling corpse (Depths:2)
  2 fungi
  3 plants
2382 creatures vanquished.

Vanquished Creatures (others)
  A sphinx (Tomb:1)
  2 revenants (Tomb:2)
  A bennu (Tomb:2)
  An anaconda (Tomb:2)
  17 death scarabs
  A naga sharpshooter (Snake:3)
  A manticore (Tomb:2)
  A guardian serpent (Snake:4)
  A guardian mummy (Tomb:2)
  A tengu conjurer (Depths:1)
  A shadow dragon simulacrum (Tomb:2)
  6 flying skulls (Tomb:2)
  A human (D:15)
  A naga (Snake:4)
  4 mummies (Tomb:2)
  A kobold (D:15)
  5 fungi (Lair:6)
  8 plants
54 creatures vanquished.

Grand Total: 2436 creatures vanquished

Notes
Turn   | Place    | Note
-------+----------+-------------------------------------------
     0 | D:1      | PurpleRed the Minotaur Fighter began the quest for the Orb.
     0 | D:1      | Reached XP level 1. HP: 19/19 MP: 0/0
   147 | D:2      | Found a sparkling altar of Nemelex Xobeh.
   170 | D:2      | Reached XP level 2. HP: 15/27 MP: 1/1
   698 | D:2      | You fall through a shaft for 2 floors!
   698 | D:4      | Found Zufe's Jewellery Shoppe.
   702 | D:4      | Found Yramaji's Assorted Antiques.
   708 | D:4      | Noticed Natasha
   711 | D:4      | Reached XP level 3. HP: 25/34 MP: 2/2
   715 | D:4      | Killed Natasha
   715 | D:4      | Reached XP level 4. HP: 28/41 MP: 3/3
   718 | D:4      | Bought a scroll labeled QOTILULEUWK for 27 gold pieces
   723 | D:4      | Found Ocwis's Weapon Shop.
   727 | D:4      | Reached skill level 5 in Axes
   732 | D:4      | Found Qoliqui's Antique Weapon Shoppe.
   919 | D:4      | Reached skill level 5 in Fighting
   919 | D:4      | Reached XP level 5. HP: 42/48 MP: 4/4
   923 | D:4      | Found Iruiklai's Assorted Antiques.
   925 | D:4      | Noticed an ogre
   933 | D:4      | Killed an ogre
  1136 | D:4      | Noticed Natasha
  1140 | D:4      | Killed Natasha
  1140 | D:4      | Reached XP level 6. HP: 46/56 MP: 5/5
  1281 | D:4      | Noticed Natasha
  1287 | D:4      | Killed Natasha
  1599 | D:3      | Found a shadowy altar of Dithmenos.
  1609 | D:3      | Found an opulent altar of Gozag.
  1828 | D:3      | Found a shattered altar of Ashenzari.
  1977 | D:3      | Noticed Terence
  1986 | D:3      | Killed Terence
  2074 | D:3      | Reached XP level 7. HP: 51/64 MP: 6/6
  2462 | D:5      | Entered Level 5 of the Dungeon
  2486 | D:5      | Noticed Duvessa
  2487 | D:5      | Noticed Dowan
  2495 | D:5      | Killed Duvessa
  2502 | D:5      | Killed Dowan
  2512 | D:5      | Noticed Eustachio
  2521 | D:5      | Killed Eustachio
  2663 | D:5      | Found a runed door.
  2671 | D:5      | Found a runed door.
  2687 | D:5      | Reached XP level 8. HP: 59/73 MP: 7/7
  2689 | D:5      | Reached skill level 5 in Armour
  3128 | D:5      | Found a stormy altar of Qazlal.
  3265 | D:5      | Got a fine war axe
  3266 | D:5      | Identified the +6 war axe of Tortfeasance {antimagic, *Slow rElec Str+5 Dex+5} (You found it on level 5 of the Dungeon)
  3444 | D:6      | Found a staircase to the Ecumenical Temple.
  3458 | Temple   | Entered the Ecumenical Temple
  3465 | Temple   | Became a worshipper of Makhleb the Destroyer
  3521 | D:6      | Noticed Ultraviolent4's ghost (novice FoFi)
  3531 | D:6      | Killed Ultraviolent4's ghost
  3531 | D:6      | Reached skill level 10 in Axes
  3997 | D:6      | Reached XP level 9. HP: 74/82 MP: 2/8
  4289 | D:6      | Found a hazy altar of Hepliaklqana.
  4466 | D:7      | Found an iron altar of Okawaru.
  4485 | D:7      | Found a sacrificial altar of Ru.
  4636 | D:7      | Found Jizin's Assorted Antiques.
  4640 | D:7      | Bought a blackened bone ring for 135 gold pieces
  4647 | D:7      | Reached * piety under Makhleb
  4980 | D:7      | Found a snail-covered altar of Cheibriados.
  5113 | D:7      | Found a blossoming altar of Fedhas.
  5308 | D:8      | Identified a scroll of acquirement
  5309 | D:8      | Got a jewelled buckler
  5320 | D:8      | Identified the +0 buckler "Yngoemu" {*Slow rPois rC+++ rN+ SInv} (You acquired it on level 8 of the Dungeon)
  5856 | D:9      | Found a staircase to the Orcish Mines.
  5864 | D:9      | Reached ** piety under Makhleb
  5876 | D:9      | Reached XP level 10. HP: 51/92 MP: 3/9
  6106 | D:9      | Found a staircase to the Lair.
  6114 | D:9      | Reached skill level 10 in Fighting
  6223 | D:9      | Found a flagged portal.
  6233 | Bailey   | Entered a bailey
  6239 | Bailey   | Noticed a deep elf mage
  6247 | Bailey   | Killed a deep elf mage
  6256 | Bailey   | Noticed a deep elf mage
  6257 | Bailey   | Noticed a deep elf mage
  6257 | Bailey   | Noticed a deep elf mage
  6257 | Bailey   | Noticed a deep elf mage
  6258 | Bailey   | Noticed a deep elf mage
  6258 | Bailey   | Noticed a deep elf mage
  6259 | Bailey   | Killed a deep elf mage
  6264 | Bailey   | Killed a deep elf mage
  6266 | Bailey   | Killed a deep elf mage
  6270 | Bailey   | Killed a deep elf mage
  6276 | Bailey   | Gained mutation: You are dopey. (Int -2) [a neqoxec]
  6281 | Bailey   | Killed a deep elf mage
  6281 | Bailey   | Killed a deep elf mage
  6294 | Bailey   | Noticed a deep elf knight
  6303 | Bailey   | Killed a deep elf knight
  6303 | Bailey   | Reached skill level 10 in Armour
  6303 | Bailey   | Reached XP level 11. HP: 102/102 MP: 3/10
  6321 | Bailey   | Identified Sif Muna's Almanac of the Scorpion
  6355 | Bailey   | Noticed a deep elf mage
  6358 | Bailey   | Killed a deep elf mage
  6805 | D:10     | Entered Level 10 of the Dungeon
  6811 | D:10     | Reached *** piety under Makhleb
  6944 | D:10     | Learned a level 3 spell: Regeneration
  6946 | D:10     | Learned a level 1 spell: Animate Skeleton
  7431 | D:11     | Noticed a white ugly thing
  7434 | D:11     | Killed a white ugly thing
  7434 | D:11     | Reached skill level 15 in Axes
  7437 | D:11     | Found Jatz's Armour Emporium.
  7504 | D:11     | Reached **** piety under Makhleb
  7553 | D:11     | Found Seiqeod's Food Shoppe.
  7604 | D:11     | Noticed Grum
  7614 | D:11     | Killed Grum
  7743 | D:11     | Found an iron altar of Okawaru.
  7743 | D:11     | Noticed an orc knight
  7850 | D:11     | Noticed a four-headed hydra
  7861 | D:11     | Killed a ten-headed hydra
  8265 | D:11     | Noticed a centaur warrior
  8273 | D:11     | Noticed a deep elf archer
  8276 | D:11     | Killed a centaur warrior
  8277 | D:11     | Noticed a centaur warrior
  8294 | D:11     | Killed a centaur warrior
  8294 | D:11     | Reached XP level 12. HP: 91/113 MP: 11/11
  8318 | D:11     | HP: 1/113 [deep elf archer/arrow (21)]
  8645 | D:11     | Got a pitted broad axe {chop}
  8681 | D:11     | Found Looraopp's Armour Shoppe.
  8686 | D:11     | Bought a +2 pair of gloves of dexterity for 279 gold pieces
  8698 | D:11     | Bought a +0 cloak for 58 gold pieces
  9216 | D:12     | Reached ***** piety under Makhleb
  9669 | D:12     | Noticed PurpleRed's ghost (journeyman MiFi)
  9686 | D:12     | Killed PurpleRed's ghost
 10017 | D:13     | Noticed a tengu warrior
 10018 | D:13     | Noticed a death knight
 10336 | D:12     | Killed a tengu warrior
 10617 | D:13     | Noticed an ogre mage
 10627 | D:13     | Killed an ogre mage
 10627 | D:13     | Reached XP level 13. HP: 38/122 MP: 12/12
 10638 | D:13     | Found a gate to the Vaults.
 10757 | D:13     | Gained mutation: You have a pair of large horns on your head. [potion of beneficial mutation]
 11802 | D:14     | Noticed Sonja
 11812 | D:14     | Killed Sonja
 11840 | D:14     | Reached ****** piety under Makhleb
 11904 | D:14     | Found a basalt altar of Yredelemnul.
 12574 | Lair:1   | Entered Level 1 of the Lair of Beasts
 12577 | Lair:1   | Identified the +6 broad axe of Teiggoig {chop, rElec rF+} (You took it off an orc warrior on level 11 of the Dungeon)
 13383 | Lair:3   | Reached XP level 14. HP: 133/133 MP: 13/13
 13506 | Lair:3   | Noticed jamesreid's ghost (journeyman DgFE)
 13522 | Lair:3   | Killed jamesreid's ghost
 14018 | Lair:4   | Found a staircase to the Swamp.
 14112 | Lair:4   | Reached skill level 15 in Fighting
 14266 | Lair:4   | Found a staircase to the Snake Pit.
 14861 | Lair:5   | Noticed Josephine
 14872 | Lair:5   | Killed Josephine
 15079 | Lair:5   | Found a dark tunnel.
 15133 | Volcano  | Entered a volcano
 15310 | Volcano  | Found a burning altar of Makhleb.
 15363 | Volcano  | Found a radiant altar of Vehumet.
 15789 | Lair:6   | Entered Level 6 of the Lair of Beasts
 15853 | Lair:6   | Paralysed by a hornet for 3 turns
 15906 | Lair:6   | Reached skill level 15 in Armour
 15944 | Lair:6   | Noticed an acid blob
 15959 | Lair:6   | HP: 1/136 [acid (7)]
 16330 | Lair:6   | Paralysed by a great orb of eyes for 3 turns
 16373 | Lair:6   | Found a viscous altar of Jiyva.
 16373 | Lair:6   | Noticed an azure jelly
 16384 | Lair:6   | Killed an azure jelly
 16385 | Lair:6   | Reached XP level 15. HP: 141/141 MP: 14/14
 16388 | Lair:6   | Killed an acid blob
 16782 | Lair:6   | Found a staircase to the Slime Pits.
 16806 | Lair:6   | Noticed DemiseSR's ghost (journeyman MiBe)
 16827 | Lair:6   | Killed DemiseSR's ghost
 17545 | Orc:1    | Entered Level 1 of the Orcish Mines
 17755 | Orc:1    | Found Zeoss's Jewellery Emporium.
 17897 | Orc:2    | Entered Level 2 of the Orcish Mines
 17977 | Orc:2    | Found Ithi Aph's Distillery.
 17977 | Orc:2    | Found Soesoan's Antique Weapon Boutique.
 17978 | Orc:2    | Found Xirutt's Antique Weapon Shop.
 17978 | Orc:2    | Found Tetemeo's Magic Scroll Emporium.
 17984 | Orc:2    | Paralysed by an orc sorcerer for 2 turns
 17987 | Orc:2    | Reached skill level 1 in Dodging
 18055 | Orc:2    | Bought a scroll of identify for 26 gold pieces
 18153 | Orc:2    | Found a roughly hewn altar of Beogh.
 18169 | Orc:2    | Found a staircase to the Elven Halls.
 18558 | D:11     | Bought the +9 plate armour of Lyato {+Fly rPois SInv} for 1453 gold pieces
 18809 | Snake:1  | Entered Level 1 of the Snake Pit
 19004 | Snake:1  | Noticed Asterion
 19012 | Snake:1  | Killed Asterion
 19029 | Snake:1  | Noticed Aizul
 19056 | Snake:1  | Killed Aizul
 19179 | Snake:1  | Reached XP level 16. HP: 155/155 MP: 15/15
 19331 | Snake:2  | Reached skill level 5 in Dodging
 19833 | Snake:2  | Found Setryshru's Magic Scroll Shoppe.
 20355 | Snake:2  | Bought a scroll of brand weapon for 320 gold pieces
 20572 | Snake:3  | Found Widial's Antique Weapon Shoppe.
 20577 | Snake:3  | Found Gemimpou's Gadget Shoppe.
 21072 | Snake:4  | Entered Level 4 of the Snake Pit
 21430 | Snake:4  | Noticed JamPaladin's ghost (adept MfGl)
 22197 | Snake:4  | Reached XP level 17. HP: 131/163 MP: 12/16
 23116 | Snake:4  | Got a serpentine rune of Zot
 23221 | Snake:4  | Killed JamPaladin's ghost
 23799 | Swamp:1  | Entered Level 1 of the Swamp
 23860 | Swamp:1  | Reached skill level 10 in Dodging
 24581 | Swamp:2  | Reached XP level 18. HP: 176/176 MP: 17/17
 25064 | Swamp:3  | Identified a +4 rod of ignition (12/12) (You found it on level 3 of the Swamp)
 25671 | Swamp:4  | Entered Level 4 of the Swamp
 25751 | Swamp:4  | Noticed Scattercatt's ghost (adept GrFi)
 25770 | Swamp:4  | Killed Scattercatt's ghost
 25979 | Swamp:4  | Got a decaying rune of Zot
 26871 | Orc:2    | Bought 3 scrolls of enchant weapon for 292 gold pieces
 27050 | Vaults:1 | Entered Level 1 of the Vaults
 27614 | Vaults:1 | Found Yfiniecog's General Store.
 27623 | Vaults:1 | Bought a potion of heal wounds for 90 gold pieces
 28223 | Vaults:2 | Found Zuokh's Antique Weapon Boutique.
 28360 | Vaults:2 | Reached XP level 19. HP: 185/185 MP: 18/18
 28516 | Vaults:2 | Found Mef Ippesh's Distillery.
 28692 | Vaults:2 | Identified the Tome of Summoning
 29135 | Vaults:2 | Found a staircase to the Crypt.
 29768 | Vaults:3 | Found Ykeun's Armour Boutique.
 29994 | Vaults:3 | Noticed Bai Suzhen
 30016 | Vaults:3 | Killed Bai Suzhen
 30095 | Vaults:3 | Noticed Frederick
 30106 | Vaults:3 | Killed Frederick
 30278 | Vaults:3 | Reached XP level 20. HP: 198/198 MP: 19/19
 30306 | Vaults:3 | Got a shimmering jade amulet
 30307 | Vaults:3 | Identified the amulet of Sin {Faith rPois rF- rC+++ MP+9} (You found it on level 3 of the Vaults)
 30568 | Vaults:4 | Identified the +5 chain mail of the Harp {rElec rPois rC+ rCorr} (You found it on level 4 of the Vaults)
 32077 | Vaults:4 | Reached skill level 15 in Dodging
 32221 | Vaults:5 | Entered Level 5 of the Vaults
 32231 | Vaults:5 | Reached XP level 21. HP: 206/206 MP: 20/20
 32329 | Vaults:5 | Found Naoheso's Antique Weapon Shoppe.
 32518 | Vaults:5 | Noticed an ancient lich
 32525 | Vaults:5 | Noticed a golden dragon
 32530 | Vaults:5 | Noticed a juggernaut
 32530 | Vaults:5 | an acid blob changed into a juggernaut
 32532 | Vaults:5 | a juggernaut changed into an iron giant
 32533 | Vaults:5 | Killed an ancient lich
 32539 | Vaults:5 | Reached XP level 22. HP: 137/217 MP: 21/21
 32546 | Vaults:5 | Noticed a golden dragon
 32546 | Vaults:5 | an acid blob changed into a golden dragon
 32552 | Vaults:5 | Killed a golden dragon
 32553 | Vaults:5 | Killed a golden dragon
 32727 | Vaults:5 | Got a silver rune of Zot
 33077 | Vaults:5 | Noticed a golden dragon
 33084 | Vaults:5 | Killed a golden dragon
 33375 | Vaults:5 | Got a crude iron ring
 33394 | Vaults:5 | Identified the ring "Elec Qol" {rF+ SInv} (You found it on level 5 of the Vaults)
 33870 | D:7      | Lost mutation: You are dopey. (Int -2) [potion of cure mutation]
 33870 | D:7      | Lost mutation: You have a pair of large horns on your head. [potion of cure mutation]
 33871 | D:7      | Bought the +3 crown of Dyrovepreva {rElec Int+2 SInv} for 1117 gold pieces
 34173 | Slime:1  | Entered Level 1 of the Pits of Slime
 34248 | Slime:5  | Entered Level 5 of the Pits of Slime
 34346 | Slime:5  | Gained mutation: Your muscles are strong. (Str +2) [a shining eye]
 34360 | Slime:5  | Found a viscous altar of Jiyva.
 34362 | Slime:5  | Noticed the Royal Jelly
 34376 | Slime:5  | Killed the Royal Jelly
 34387 | Slime:5  | Gained mutation: Armour fits poorly on your strangely shaped body. [a shining eye]
 34392 | Slime:5  | Noticed Dissolution
 34405 | Slime:5  | Killed Dissolution
 34427 | Slime:5  | Got a slimy rune of Zot
 34428 | Slime:5  | Identified the Volume of Self-Improvement and Flight
 34452 | Slime:5  | Got a faintly glowing golden ring
 34463 | Slime:5  | Identified the ring of Kuavuw {rPois Str+7} (You found it on level 5 of the Pits of Slime)
 34477 | Slime:5  | Identified the Volume of Summoning
 34915 | Orc:2    | Bought a scroll of acquirement for 676 gold pieces
 34915 | Orc:2    | Bought a scroll of recharging for 123 gold pieces
 34915 | Orc:2    | Bought a scroll of recharging for 123 gold pieces
 35234 | Crypt:1  | Entered Level 1 of the Crypt
 35373 | Crypt:1  | Reached XP level 23. HP: 226/226 MP: 22/22
 35492 | Crypt:1  | Found a magical portal.
 35497 | WizLab   | Entered The Chambers of the Cloud Mage
 35742 | WizLab   | Reached skill level 27 in Axes
 35838 | WizLab   | Identified Sif Muna's Handbook of Weightlessness
 35842 | WizLab   | Identified Sif Muna's Compendium of Weightlessness
 36325 | Crypt:2  | Found an ancient bone altar of Kikubaaqudgha.
 36377 | Crypt:2  | Noticed Donald
 36383 | Crypt:2  | Killed Donald
 36804 | Crypt:3  | Entered Level 3 of the Crypt
 36804 | Crypt:3  | Found an ancient bone altar of Kikubaaqudgha.
 36805 | Crypt:3  | Found a staircase to the Tomb.
 36850 | Crypt:3  | Identified a +4 rod of shadows (10/10) (You found it on level 3 of the Crypt)
 37020 | Crypt:3  | Noticed Boris
 37034 | Crypt:3  | Killed Boris
 37036 | Crypt:3  | Paralysed by a lich for 3 turns
 37279 | Crypt:3  | Found an ancient bone altar of Kikubaaqudgha.
 37973 | Crypt:3  | Reached XP level 24. HP: 239/239 MP: 22/22
 38038 | Tomb:1   | Entered Level 1 of the Tomb of the Ancients
 38145 | Tomb:1   | Paralysed by a sphinx for 3 turns
 38171 | Tomb:1   | Noticed a greater mummy
 38181 | Tomb:1   | Killed a greater mummy
 38655 | Tomb:1   | Learned a level 3 spell: Lesser Beckoning
 38698 | Tomb:1   | Reached skill level 1 in Translocations
 38705 | Tomb:1   | Noticed Boris
 38714 | Tomb:1   | Killed Boris
 38767 | Tomb:1   | Reached skill level 1 in Spellcasting
 38804 | Tomb:1   | Noticed a greater mummy
 38820 | Tomb:1   | Killed a greater mummy
 39115 | Tomb:2   | Noticed an ancient lich
 39117 | Tomb:2   | Noticed a greater mummy
 39119 | Tomb:2   | Noticed a greater mummy
 39120 | Tomb:2   | Noticed a greater mummy
 39131 | Tomb:2   | Killed a greater mummy
 39211 | Tomb:2   | Killed an ancient lich
 39261 | Tomb:2   | Killed a greater mummy
 39716 | Tomb:2   | Reached skill level 5 in Translocations
 39784 | Tomb:2   | Killed a greater mummy
 40066 | Tomb:1   | Noticed a greater mummy
 40072 | Tomb:1   | Killed a greater mummy
 40078 | Tomb:1   | Noticed a greater mummy
 40094 | Tomb:1   | Killed a greater mummy
 40135 | Tomb:1   | Noticed a greater mummy
 40145 | Tomb:1   | Killed a greater mummy
 40521 | Tomb:1   | Noticed a greater mummy
 40531 | Tomb:1   | Noticed a greater mummy
 40539 | Tomb:1   | Killed a greater mummy
 40546 | Tomb:1   | Killed a greater mummy
 40884 | Tomb:1   | Noticed a greater mummy
 40892 | Tomb:1   | Noticed a greater mummy
 40893 | Tomb:1   | Killed a greater mummy
 40913 | Tomb:1   | Killed a greater mummy
 40913 | Tomb:1   | Reached XP level 25. HP: 123/244 MP: 28/28
 40921 | Tomb:1   | Noticed a greater mummy
 40923 | Tomb:1   | Noticed a greater mummy
 40930 | Tomb:1   | Killed a greater mummy
 40941 | Tomb:1   | Killed a greater mummy
 41407 | Tomb:1   | Noticed a greater mummy
 41414 | Tomb:1   | Killed a greater mummy
 41418 | Tomb:1   | Noticed a greater mummy
 41420 | Tomb:1   | Noticed a greater mummy
 41425 | Tomb:1   | Killed a greater mummy
 41426 | Tomb:1   | Killed a greater mummy
 41436 | Tomb:1   | Noticed a greater mummy
 41436 | Tomb:1   | Noticed a greater mummy
 41436 | Tomb:1   | Noticed a greater mummy
 41451 | Tomb:1   | Killed a greater mummy
 41455 | Tomb:1   | Killed a greater mummy
 41455 | Tomb:1   | Reached skill level 5 in Spellcasting
 41459 | Tomb:1   | Noticed a greater mummy
 41465 | Tomb:1   | Killed a greater mummy
 41467 | Tomb:1   | Killed a greater mummy
 41776 | Tomb:1   | Lost mutation: Your muscles are strong. (Str +2) [potion of cure mutation]
 41776 | Tomb:1   | Lost mutation: Armour fits poorly on your strangely shaped body. [potion of cure mutation]
 41859 | Tomb:3   | Entered Level 3 of the Tomb of the Ancients
 41890 | Tomb:3   | Noticed a greater mummy
 42345 | Tomb:3   | Noticed Khufu
 42351 | Tomb:2   | HP: 6/250 [guardian mummy's death curse (35)]
 43444 | Tomb:2   | Killed a greater mummy
 44135 | Tomb:3   | Noticed a greater mummy
 44135 | Tomb:3   | Noticed a greater mummy
 44136 | Tomb:3   | Noticed a greater mummy
 44892 | Tomb:3   | Noticed an ancient lich
 45511 | Tomb:3   | Noticed a greater mummy
 45511 | Tomb:3   | Noticed a greater mummy
 46111 | Tomb:2   | Killed a greater mummy
 46113 | Tomb:2   | Killed a greater mummy
 46426 | Tomb:3   | Noticed a greater mummy
 46758 | Tomb:2   | Killed an ancient lich
 47067 | Tomb:2   | Killed a greater mummy
 47073 | Tomb:2   | Killed a greater mummy
 47073 | Tomb:2   | Reached skill level 10 in Translocations
 47592 | Tomb:2   | Killed a greater mummy
 47761 | Tomb:2   | Killed Khufu
 48288 | Tomb:3   | Noticed Mennas
 48321 | Tomb:2   | Killed a greater mummy
 48363 | Tomb:3   | Killed Mennas
 48363 | Tomb:3   | Reached XP level 26. HP: 185/256 MP: 32/32
 48541 | Tomb:3   | Got a golden rune of Zot
 48628 | Tomb:3   | Got a translucent bone ring
 48629 | Tomb:3   | Identified the ring "Nymien" {rCorr Str+4 Slay+2} (You found it on level 3 of the Tomb of the Ancients)
 48657 | Tomb:3   | Got a scintillating tin ring
 48659 | Tomb:3   | Identified the ring of the Skies Above {rC+ MR- Str+4 Int+2 Stlth+} (You found it on level 3 of the Tomb of the Ancients)
 48668 | Tomb:3   | Got a heavily runed cloak
 48679 | Tomb:3   | Identified the +0 cloak "Rueczoj" {Str+2} (You found it on level 3 of the Tomb of the Ancients)
 48690 | Tomb:3   | Identified Zecop's Guide on the Spatial Snowflakes
 48693 | Tomb:3   | Learned a level 1 spell: Apportation
 48696 | Tomb:3   | Learned a level 2 spell: Blink
 48701 | Tomb:3   | Learned a level 4 spell: Passage of Golubria
 49522 | D:15     | Entered Level 15 of the Dungeon
 49528 | D:15     | Noticed Kirke
 49536 | D:15     | Killed Kirke
 49709 | D:15     | Noticed Rupert
 49720 | D:15     | Killed Rupert
 49791 | D:15     | Noticed Louise
 49799 | D:15     | Killed Louise
 50211 | D:15     | Found a staircase to the Depths.
 50226 | Depths:1 | Entered Level 1 of the Depths
 50226 | Depths:1 | Noticed Nikola
 50242 | Depths:1 | Killed Nikola
 50298 | Depths:1 | Found a gateway to Hell.
 50354 | Depths:1 | Noticed Jorgrun
 50367 | Depths:1 | Killed Jorgrun
 50966 | Depths:1 | Found a gateway to a ziggurat.
 51050 | Depths:1 | Reached skill level 27 in Fighting
 51683 | Depths:2 | Found a snail-covered altar of Cheibriados.
 51943 | Depths:2 | Paralysed by a floating eye for 4 turns
 51968 | Depths:2 | Gained mutation: You have a pair of large horns on your head. [a cacodemon]
 51999 | Depths:2 | Lost intelligence.
 52001 | Depths:2 | Killed from afar by a golden dragon

Vault maps used:
D:1:      scummos_arrival_gate
D:2:      lemuel_doored_altar
D:3:      amethyst_overflow_temple_binary, cheibrodos_ashenzari_chains,
          uniq_terence
D:4:      first_bread, serial_shops, nicolae_shop_crystal, shop, shop,
          kennysheep_mini, nicolae_shop_overgrown_old_shop, uniq_natasha
D:5:      lemuel_insect_pit, nicolae_qazlal_eye_of_the_storm,
          portal_sewer_entry_e, uniq_eustachio, uniq_duvessa
D:6:      marbit_many_paths
D:7:      hangedman_ru_absence, overflow_temple_1_default,
          lemuel_coloured_pillars_altar, slow_altar_1, serial_shops,
          kennysheep_mini_moat
D:8:      the_bakery
D:9:      erik_lair_orcish_takeover, david_orc_3, enter_bailey_2,
          minmay_misc_feat_diagonals
D:10:     serial_corexii_hall, corexii_hall_statues_l, corexii_hall_statues_i,
          corexii_hall_statues_i, corexii_hall_statues_i
D:11:     evilmike_iron_armoury, serial_shops, shop, shop,
          nicolae_shop_window_shopping, minmay_misc_feat_alley, uniq_grum
D:12:     grunt_decor_resistance
D:13:     david_vaults_2, portal_ice_cave_entry_pillars_2
D:14:     serial_bayou_shore_b, yredelemnul_altar_generic, uniq_sonja
D:15:     gammafunk_enter_depths_forms, minmay_misc_feat_plants, uniq_louise,
          uniq_kirke, uniq_rupert
Temple:   nicolae_temple_no_exploring_needed
Lair:2:   serial_bayou_lagoon_b
Lair:3:   cheibrodos_magma_flow
Lair:4:   minmay_swamp_entry_worms, dummy_snake_entry, grunt_megastairs_2
Lair:5:   enter_volcano_2, uniq_josephine
Lair:6:   minmay_lair_end_enchanted_forest, minmay_slime_entry_pillars,
          special_room
Swamp:1:  infiniplex_staircase_pool
Swamp:2:  evilmike_swamp_ruin_house_4
Swamp:3:  evilmike_swamp_ruin_house_2
Swamp:4:  swamp
Snake:1:  uniq_aizul, uniq_asterion
Snake:2:  serial_shops, shop, nicolae_snake_serpentine_hallways,
          serial_bayou_shore_a
Snake:3:  minmay_shop_star
Snake:4:  johnstein_snake_rune_scales
Slime:5:  uniq_dissolution
Orc:1:    serial_shops, nicolae_shop_waterfront
Orc:2:    st_orc_ogre_mass, basic_altar
Vaults:1: nicolae_vaults_quadrants, v_alt_pattern_6, grunt_vaults_trifunnel,
          ontoclasm_vaults_tryst, v_alt_pattern_1,
          nicolae_vaults_inception_statues, nicolae_vaults_inception_scallops,
          ontoclasm_vaults_idyll, v_pattern_2, vaults_room_pool,
          nicolae_vaults_circle_grid_b, ontoclasm_vaults_misaligned,
          serial_shops, shop
Vaults:2: minmay_crypt_entry_simple_statues, nicolae_vaults_angled_halls,
          vaults_standard_mumra_x, hangedman_vaults_stream, v_misc_12,
          vaults_room_pool, nicolae_vaults_theta, nicolae_vaults_rhombus_5,
          serial_shops, shop, shop
Vaults:3: v_misc_24, vaults_room_fours, minmay_guarded_unrand_secular_launcher,
          ontoclasm_vaults_ligature, vaults_room_fancy_cross,
          hangedman_vaults_river_flow, dpeg_vaults_monster_box, v_misc_17,
          grunt_vaults_hallway_short, hangedman_vaults_capsules, uniq_frederick,
          uniq_bai_suzhen
Vaults:4: nicolae_vaults_quartermaster, vaults_mumra_chevron_long,
          vaults_mumra_minichess_inversion, nicolae_vaults_triangles,
          nicolae_vaults_border_crossing, hangedman_vaults_restitches,
          v_misc_33, grunt_vaults_hallway_short, vaults_mumra_hex,
          grunt_vaults_bifocal, vaults_room_semicircle,
          nicolae_vaults_little_squares_3
Crypt:1:  mu_enter_wizlab_2, serial_sigils_hangedman_scar, minicrypt_bobbens,
          grunt_crypt_arrival_webbed
Crypt:2:  basic_altar, uniq_donald
Crypt:3:  church_of_pain_bobbens, basic_altar, weyrava_lich_vault
Tomb:1:   uniq_boris
Tomb:3:   uniq_mennas
Depths:1: kennysheep_snake, enter_ziggurat_c, hell_entry,
          minmay_stone_trees_small, minmay_strange_pillars, roderic_lattice_a,
          serial_bayou_pond_b, uniq_jorgrun, uniq_nikola
Depths:2: grunt_profane_halls, hell_entry, serial_shops
Bailey:   bailey_polearm_3, bailey
Volcano:  volcano_grotto
WizLab:   wizlab_cloud

Skill      XL: |  1  2  3  4  5  6  7  8  9 10 11 12 13 14 15 16 17 18 19 20 21 22 23 24 25 26 |
---------------+-------------------------------------------------------------------------------+-----
Axes           | 3 4 5 6 7 9 10 12 14 16 17 19 21 22 23 24 25 26 27 | 27.0
Fighting       | 4 5 6 7 8 9 11 12 13 14 15 17 18 19 20 21 22 23 24 25 26 27 | 27.0
Armour         | 4 6 8 10 11 12 13 15 16 17 18 19 20 21 22 23 24 | 24.4
Dodging        | 4 7 10 12 13 15 16 17 18 19 | 19.4
Translocations | 6 10 13 | 13.1
Spellcasting   | 4 6 8 |  8.6
Shields        | |  3.6

Action                   |  1- 3 |  4- 6 |  7- 9 | 10-12 | 13-15 | 16-18 | 19-21 | 22-24 | 25-27 || total
-------------------------+-------+-------+-------+-------+-------+-------+-------+-------+-------++-------
Melee: War axe           |    41 |   112 |   265 |   106 |       |       |       |       |       ||   524
       Headbutt          |     4 |    20 |    55 |   102 |   223 |   261 |   297 |   387 |   283 ||  1632
       Battleaxe         |       |       |       |   380 |   962 |  1156 |   989 |  1183 |   906 ||  5576
Evoke: Rod               |       |       |       |       |     1 |       |       |       |       ||     1
       Wand              |       |       |       |       |       |     3 |       |     6 |     6 ||    15
       Lamp of fire      |       |       |       |       |       |     1 |       |       |       ||     1
       Phantom mirror    |       |       |       |       |       |     1 |       |       |       ||     1
  Use: Scroll            |       |     3 |    11 |    11 |    13 |    23 |     3 |    24 |     7 ||    95
       Potion            |       |       |       |     3 |     6 |     5 |     1 |    15 |     6 ||    36
 Stab: Distracted        |       |       |       |       |       |       |     1 |       |       ||     1
  Eat: Chunk             |       |     4 |    11 |    14 |    18 |     4 |     1 |       |     4 ||    56
       Fruit             |       |       |       |     6 |     6 |       |       |     4 |       ||    16
       Royal jelly       |       |       |       |       |     1 |       |       |     2 |     1 ||     4
       Beef jerky        |       |       |       |       |     3 |     5 |       |     2 |     1 ||    11
       Bread ration      |       |       |       |       |       |     2 |       |       |     7 ||     9
       Meat ration       |       |       |       |       |       |     4 |     3 |     3 |       ||    10
       Pizza             |       |       |       |       |       |       |     1 |     4 |     1 ||     6
Armor: Scale mail        |    15 |    32 |       |       |       |       |       |       |       ||    47
       Chain mail        |       |     3 |   119 |   249 |   301 |       |       |    50 |       ||   722
       Plate armour      |       |       |       |       |   311 |   739 |   580 |    75 |       ||  1705
       Pearl dragon scal |       |       |       |       |       |       |       |   399 |   481 ||   880
Dodge: Dodged            |    16 |    26 |    48 |   189 |   332 |   556 |   505 |   911 |   879 ||  3462
Block: Shield            |    19 |    77 |   119 |       |       |       |       |       |       ||   215
       Reflection        |       |       |     3 |     2 |     3 |     8 |    10 |     1 |     6 ||    33
       Buckler           |       |       |     9 |    24 |       |       |       |       |       ||    33
       Other             |       |       |       |    49 |    82 |   122 |    93 |   110 |   113 ||   569
